 Dungeon Crawl Stone Soup version 0.29-a0-1027-gcd8c55af63 (webtiles) character file.

Game seed: 12989041920418501362

63 greenreed the Ducker (level 4, -2/41 HPs)
             Began as a Gnoll Monk on Aug 13, 2022.
             Was a Plaything of Xom.
             Killed from afar by an oklob plant (20 damage)
             ... with a splash of acid
             ... on level 8 of the Dungeon.
             The game lasted 00:03:37 (1502 turns).

greenreed the Ducker (Gnoll Monk)                   Turns: 1502, Time: 00:03:38

Health: -2/41      AC: -1    Str: 13    XL:     4   Next: 10%
Magic:  5/5        EV: 15    Int:  9    God:    Xom [...*..]
Gold:   198        SH:  4    Dex: 14    Spells: 5/5 levels left

rFire   . . .      SeeInvis .   a - +0 mace
rCold   . . .      Faith    +   (no shield)
rNeg    . . .      Spirit   .   b - +0 robe
rPois   .          Reflect  .   (no helmet)
rElec   .          Harm     .   (no cloak)
rCorr   .          Rampage  .   (no gloves)
Will    .....                   (no boots)
Stlth   +++.......              g - amulet of faith
HPRegen 0.13/turn               (no ring)
MPRegen 0.09/turn               (no ring)

@: corroded
A: fangs 1, strong nose, distributed training, large bone plates 1
a: Renounce Religion


You were on level 8 of the Dungeon.
You worshipped Xom.
You were a favourite toy of Xom.
You visited 1 branch of the dungeon, and saw 8 of its levels.

You collected 198 gold pieces.

Inventory:

Hand Weapons
 a - a +0 mace (weapon)
Armour
 b - a +0 robe (worn)
Jewellery
 g - an amulet of faith (around neck)
Scrolls
 h - a scroll of identify {unknown}
 i - a scroll of enchant weapon {unknown}
Potions
 c - a potion of ambrosia
 d - a potion of magic {unknown}
 e - 2 potions of curing {unknown}
 f - a potion of degeneration {unknown}
 j - a potion of haste {unknown}
 k - a potion of mutation {unknown}


   Skills:
 + Level 6.6 Fighting
 + Level 1.1 Short Blades
 + Level 1.1 Long Blades
 + Level 1.1 Axes
 + Level 6.6 Maces & Flails
 + Level 1.1 Polearms
 + Level 1.1 Staves
 + Level 1.1 Ranged Weapons
 + Level 1.1 Throwing
 + Level 1.1 Armour
 + Level 6.6 Dodging
 + Level 4.2 Stealth
 + Level 1.1 Shields
 + Level 1.1 Unarmed Combat
 + Level 1.1 Spellcasting
 + Level 0.8 Conjurations
 + Level 0.8 Hexes
 + Level 0.8 Summonings
 + Level 0.8 Necromancy
 + Level 0.8 Translocations
 + Level 0.8 Transmutations
 + Level 0.8 Fire Magic
 + Level 0.8 Ice Magic
 + Level 0.8 Air Magic
 + Level 0.8 Earth Magic
 + Level 0.8 Poison Magic
 + Level 1.2 Invocations
 + Level 1.1 Evocations


You had 5 spell levels left.
You didn't know any spells.
Your spell library contained the following spells:

 Spells                   Type           Power      Damage    Failure   Level
 Sublimation of Blood     Necr           2%         N/A       36%         2
 Petrify                  Tmut/Erth      2%         N/A       95%         4
 Irradiate                Conj/Tmut      1%         3d12      100%        5


Dungeon Overview and Level Annotations

Branches:
Dungeon (8/15)
 Temple: D:4-7         Lair: D:8-11

Altars:
Cheibriados
Dithmenos
Xom
The Shining One

Shops:
D:3 [*

Annotations:
D:8 exclusion: 4 oklob plants


Innate Abilities, Weirdness & Mutations

You have very sharp teeth.
Your uncanny sense of smell can sniff out nearby items.
Your experience applies equally to all skills.
You are partially covered in large bone plates. (SH +4)


Message History

Found 2 viscous golden potions. 2 wights come into view.
There is a stone staircase leading down here.
Xom opens a gate.
You climb downwards.
Your summoned ally is left behind.
There is a stone staircase leading up here.
Found a plate armour.
An oklob plant and a floating eye come into view.
Found 7 stones.
Found an escape hatch in the floor.
The oklob plant spits acid at you. The splash of acid hits you!!
Ouch! That really hurt!
A shower of butterflies erupts from you!
The acid corrodes you!
Marking area around an oklob plant as unsafe for travelling.
Press: ? - help, v - describe, . - travel
Here: a floating eye (fully charged)
An escape hatch in the floor.
Unknown command.
Really walk into a travel-excluded area? 2 oklob plants come into view.
Found an orange potion.
Marking area around 2 oklob plants as unsafe for travelling.
An oklob plant comes into view.
Found a brass wand.
The floating eye gazes piercingly through you!
You suddenly lose the ability to move!
Marking area around an oklob plant as unsafe for travelling.
You can move again.
Xom's power touches on your mind for a moment.
The floating eye looks rather confused.
You hit the plant.
The plant begins to die.
The plant is lightly damaged.
A nearby plant withers and dies.
You hit the floating eye.
The floating eye is moderately wounded.
The oklob plant spits acid at you. The splash of acid hits you!!
You die...
Xom titters!

#<# .## #.# #...#
#.# ###..#.###
#.###........#
#####.#........b..
#...........b.....
####..............
##.......P.....
#.[...@PPP....
#......PGPPP...
#......PP.PPP..
#......P.(..P..
#......PPP./PP..
##.......P!PP...
#.......PPP....
#..............


You could see 4 oklob plants and a floating eye (confused).

Vanquished Creatures
  3 adders
  A worm (D:3)
  5 bats
  4 endoplasms
  A giant cockroach (D:1)
  3 hobgoblins (D:1)
  4 jackals (D:3)
  4 kobolds
  A quokka (D:1)
  2 ball pythons
  3 frilled lizards
  A rat (D:2)
32 creatures vanquished.

Vanquished Creatures (others)
  A plant (D:8)
1 creature vanquished.

Grand Total: 33 creatures vanquished

Notes
Turn   | Place    | Note
-------+----------+-------------------------------------------
     0 | D:1      | greenreed the Gnoll Monk began the quest for the Orb.
     0 | D:1      | Reached XP level 1. HP: 23/23 MP: 1/1
     7 | D:1      | Found a shadowy altar of Dithmenos.
   255 | D:1      | Reached XP level 2. HP: 26/29 MP: 2/2
   540 | D:1      | Found a faded altar of an unknown god.
   549 | D:1      | Prayed at the altar of an unknown god.
   549 | D:1      | Became a worshipper of Xom of Chaos
   584 | D:2      | Reached XP level 3. HP: 27/35 MP: 2/4
   591 | D:2      | Reached skill level 1 in Invocations
   692 | D:2      | XOM: silly message
   897 | D:2      | XOM: give mutation
   897 | D:2      | Gained mutation: You are partially covered in large bone
                  | plates. (SH +4) [Xom's grace]
  1116 | D:3      | Found Otwuq's Assorted Antiques.
  1119 | D:3      | Found Remumm's Armour Boutique.
  1177 | D:3      | Found a glowing golden altar of the Shining One.
  1191 | D:3      | Reached skill level 1 in Short Blades
  1191 | D:3      | Reached skill level 1 in Long Blades
  1191 | D:3      | Reached skill level 1 in Axes
  1191 | D:3      | Reached skill level 1 in Polearms
  1191 | D:3      | Reached skill level 1 in Staves
  1191 | D:3      | Reached skill level 1 in Ranged Weapons
  1191 | D:3      | Reached skill level 1 in Throwing
  1191 | D:3      | Reached skill level 1 in Armour
  1191 | D:3      | Reached skill level 1 in Shields
  1191 | D:3      | Reached skill level 1 in Unarmed Combat
  1191 | D:3      | Reached skill level 1 in Spellcasting
  1191 | D:3      | Reached skill level 1 in Evocations
  1347 | D:4      | XOM: divination: detect creatures
  1350 | D:4      | Reached XP level 4. HP: 39/41 MP: 5/5
  1394 | D:4      | Found a snail-covered altar of Cheibriados.
  1401 | D:5      | Entered Level 5 of the Dungeon
  1483 | D:7      | XOM: summons friendly white imp
  1484 | D:8      | Noticed a kobold brigand
  1488 | D:8      | Noticed an oklob plant
  1488 | D:8      | Noticed a floating eye
  1488 | D:8      | XOM: butterfly on damage
  1491 | D:8      | Noticed an oklob plant
  1491 | D:8      | Noticed an oklob plant
  1492 | D:8      | Noticed an oklob plant
  1492 | D:8      | Paralysed by a floating eye for 2 turns
  1495 | D:8      | XOM: confuse monster(s)
  1502 | D:8      | Killed from afar by an oklob plant

Illustrated notes

Levels and vault maps discovered:
D:1:      sevenhm_arrival_forest_fort_small_6, layout_basic,
          ebering_ecumenical_altar_rust, minmay_misc_feat_alley
D:2:      layout_basic
D:3:      layout_basic, tso_oasis_becter, nicolae_overflow_hidden_temple,
          serial_shops, shop, nicolae_shop_competitors_out_of_business,
          nicolae_shop_statue_plus, uniq_natasha
D:4:      layout_rooms, lemuel_crystal_altar, pf_just_have_faith, uniq_edmund,
          uniq_eustachio
D:5:      layout_loops_cross, temple_fountains, ebering_ghost_gozag
D:6:      layout_basic, gammafunk_temple_overflow_statue
D:7:      layout_gridville, nicolae_ru_path_of_blood, minmay_quadrilaterals
D:8:      layout_layer_cave, disabler_island

Skill      XL: |  1  2  3 |
---------------+----------+-----
Invocations    | 1 |  1.2
Short Blades   | 1 |  1.1
Long Blades    | 1 |  1.1
Axes           | 1 |  1.1
Polearms       | 1 |  1.1
Staves         | 1 |  1.1
Ranged Weapons | 1 |  1.1
Throwing       | 1 |  1.1
Armour         | 1 |  1.1
Shields        | 1 |  1.1
Unarmed Combat | 1 |  1.1
Spellcasting   | 1 |  1.1
Evocations     | 1 |  1.1
Fighting       | |  6.6
Maces & Flails | |  6.6
Dodging        | |  6.6
Stealth        | |  4.2
Conjurations   | |  0.8
Hexes          | |  0.8
Summonings     | |  0.8
Necromancy     | |  0.8
Translocations | |  0.8
Transmutations | |  0.8
Fire Magic     | |  0.8
Ice Magic      | |  0.8
Air Magic      | |  0.8
Earth Magic    | |  0.8
Poison Magic   | |  0.8

Action                   |  1- 3 |  4- 6 || total
-------------------------+-------+-------++-------
Melee: Mace              |    81 |     2 ||    83
       Bite              |     5 |       ||     5
 Stab: Sleeping          |     5 |       ||     5
Armor: Robe              |    21 |       ||    21
Dodge: Dodged            |    78 |       ||    78
Block: Other             |     8 |       ||     8

Table legend: (Time is in decaauts)
 A = Elapsed time spent in this place.
 B = Non-inter-level travel time spent in this place.
 C = Inter-level travel time spent in this place.
 D = Time resting spent in this place.
 E = Time spent auto-exploring this place.
 F = Levels seen in this place.
 G = Mean time per level.
                   A        B        C        D        E       F      G
               +--------+--------+--------+--------+--------+-----+--------+
         Total |   1507 |   1481 |     26 |      0 |   1125 |   8 |  188.4 |
       Dungeon |   1507 |   1481 |     26 |      0 |   1125 |   8 |  188.4 |
               +--------+--------+--------+--------+--------+-----+--------+

Top non-repeatable levels by time:
     D:1: 571 daAuts
     D:2: 548 daAuts
     D:3: 201 daAuts
     D:4: 84 daAuts
     D:6: 59 daAuts
     D:8: 17 daAuts
     D:7: 15 daAuts
     D:5: 6 daAuts
